 Dungeon Crawl Stone Soup version 0.21-a0-283-g622b906 (webtiles) character file.

411 CcS the Cleaver (level 6, -2/52 HPs)
             Began as a Deep Dwarf Gladiator on Sept 24, 2017.
             Slain by Menkaure (16 damage)
             ... on level 4 of the Dungeon.
             The game lasted 00:02:15 (1577 turns).

CcS the Cleaver (Deep Dwarf Gladiator)              Turns: 1577, Time: 00:02:16

Health: -2/52      AC:  7    Str: 17    XL:     6   Next: 58%
Magic:  6/6        EV: 12    Int: 11    God:
Gold:   98         SH:  0    Dex: 14    Spells: 5/5 levels left

rFire    . . .     SeeInvis .   a - +0 war axe
rCold    . . .     Gourm    .   (no shield)
rNeg     . . .     Faith    .   s - +0 ring mail
rPois    .         Spirit   .   c - +0 helmet
rElec    .         Reflect  .   m - +0 cloak
rCorr    .         Harm     .   (no gloves)
MR       .....                  (no boots)
Stlth    +.........             (no amulet)
HPRegen  0.00/turn              (no ring)
MPRegen  0.10/turn              (no ring)

@: non-regenerating
A: damage resistance, heal wounds, sense surroundings 1, no regeneration
a: Heal Wounds


You were on level 4 of the Dungeon.
You were hungry.

You visited 1 branch of the dungeon, and saw 3 of its levels.

You collected 98 gold pieces.

Inventory:

Hand Weapons
 a - a +0 war axe (weapon)
Missiles
 d - 3 throwing nets (quivered)
Armour
 b - a +0 leather armour
 c - a +0 helmet (worn)
 m - a +0 cloak (worn)
 s - a +0 ring mail (worn)
Jewellery
 l - a cursed -3 ring of strength {unknown}
Scrolls
 h - 2 scrolls of identify {unknown}
 i - a scroll of random uselessness {unknown}
 j - a scroll of blinking {unknown}
 q - a scroll of enchant weapon {unknown}
 r - 3 scrolls of immolation {unknown}
Potions
 e - a potion of heal wounds {unknown}
 g - a potion of resistance {unknown}
 k - a potion of mutation {unknown}
Comestibles
 f - 3 bread rations {@e1}
 n - 4 meat rations {@e1}
 o - a royal jelly {@e3}


   Skills:
 - Level 1.7 Fighting
 * Level 8.2 Axes
 - Level 1.7 Throwing
 - Level 3.2 Dodging


You had 5 spell levels left.
You didn't know any spells.

Dungeon Overview and Level Annotations

Branches:
Dungeon (2/15)

Altars:

Annotations:
D:4 Menkaure


Innate Abilities, Weirdness & Mutations

You are resistant to damage.
You can heal yourself by infusing magical energy.
You passively map a small area around you.
You do not regenerate.


Message History

You barely miss Menkaure. Menkaure barely misses you.
You hit Menkaure but do no damage.
Menkaure's bandages flutter.
Menkaure casts a spell.
Menkaure seems to speed up.
You hit Menkaure. Menkaure misses you.
Unknown command.
You feel much better.
Menkaure calls on the powers of darkness!
Your body is wracked with pain!
Unknown command.
You barely miss Menkaure. Menkaure closely misses you. x2
You barely miss Menkaure. Menkaure barely misses you.
You hit Menkaure. Menkaure hits you!!
You barely miss Menkaure.
You are feeling hungry.
Menkaure gestures at you while chanting.
You resist with significant effort.
You completely miss Menkaure. Menkaure hits you!!
You die...

######.## #.# * ###
#.# , * >.#######.# *
# #.#.......# * #.
#.#.#####.######
##.###.#.##..........
*
#..M.#.#.##.##.######
, #...@..#.##.....##
*, ,, *
#...#$...........# ,
#...............## *
, #.#####(######<## ,
#.. #.# #.# #.., *#.#
#.# , #. , #.# #+# *
, #. #.# * ** , * #.#
*


You could see Menkaure.

Vanquished Creatures
  2 ogres (D:4)
  A scorpion (D:4)
  A howler monkey (D:4)
  A hound (D:4)
  An orc priest (D:4)
  An orc wizard (D:4)
  2 adders (D:2)
  A worm (D:2)
  2 dart slugs
  4 leopard geckos
  3 orcs (D:4)
  A ball python (D:2)
  2 giant cockroaches (D:1)
  8 hobgoblins
  A quokka (D:4)
  4 goblins
  4 kobolds (D:1)
  10 rats
49 creatures vanquished.

Notes
Turn   | Place    | Note
-------+----------+-------------------------------------------
     0 | D:1      | CcS the Deep Dwarf Gladiator began the quest for the Orb.
     0 | D:1      | Reached XP level 1. HP: 19/19 MP: 1/1
   137 | D:1      | Reached XP level 2. HP: 20/26 MP: 2/2
   148 | D:1      | Reached skill level 4 in Axes
   555 | D:1      | Reached XP level 3. HP: 16/32 MP: 3/3
   805 | D:2      | Reached skill level 5 in Axes
   955 | D:2      | Found a faded altar of an unknown god.
  1126 | D:2      | You fall through a shaft for 2 floors!
  1197 | D:4      | Noticed an ogre
  1209 | D:4      | Killed an ogre
  1209 | D:4      | Reached skill level 6 in Axes
  1209 | D:4      | Reached XP level 4. HP: 26/39 MP: 4/4
  1209 | D:4      | Reached XP level 5. HP: 30/45 MP: 5/5
  1283 | D:4      | Noticed an ogre
  1290 | D:4      | Killed an ogre
  1290 | D:4      | Reached skill level 7 in Axes
  1300 | D:4      | Reached XP level 6. HP: 18/52 MP: 6/6
  1431 | D:4      | Reached skill level 8 in Axes
  1564 | D:4      | Noticed Menkaure
  1577 | D:4      | Slain by Menkaure

Vault maps used:
D:1:      dpeg_arrival_more_subterranean_lakeside_camping, serial_bayou_pond_a
D:2:      chequers_ecumenical_altar_lobes
D:4:      first_bread, uniq_pikel, uniq_menkaure

Skill      XL: |  1  2  3  4  5  6 |
---------------+-------------------+-----
Axes           | 4 6 7 8 |  8.2
Fighting       | |  1.7
Throwing       | |  1.7
Dodging        | |  3.2

Action                   |  1- 3 |  4- 6 || total
-------------------------+-------+-------++-------
Melee: War axe           |   128 |    55 ||   183
 Abil: Heal Wounds       |     1 |     3 ||     4
 Stab: Sleeping          |     1 |       ||     1
  Eat: Chunk             |     1 |     1 ||     2
Armor: Leather armour    |    31 |    11 ||    42
       Ring mail         |       |     5 ||     5
Dodge: Dodged            |    86 |    34 ||   120

Table legend:
 A = Spawn XP
 B = Non-spawn XP
 C = Spawn XP percentage of total XP
 D = Spawn monster count
 E = Non-spawn monster count
 F = Spawn count percentage of total count
 G = Total turns spent on level
                    A         B        C        D         E        F      G
               +---------+---------+-------+---------+---------+-------+---------
         Total |       0 |     588 |   0.0 |       0 |      49 |   0.0 |  1577
               +---------+---------+-------+---------+---------+-------+---------
           D:1 |       0 |      41 |   0.0 |       0 |      24 |   0.0 |   579
           D:2 |       0 |      55 |   0.0 |       0 |      14 |   0.0 |   547
           D:4 |       0 |     492 |   0.0 |       0 |      11 |   0.0 |   451
               +---------+---------+-------+---------+---------+-------+---------

Vault maps used:
D:1:      dpeg_arrival_more_subterranean_lakeside_camping, serial_bayou_pond_a
D:2:      chequers_ecumenical_altar_lobes
D:4:      first_bread, uniq_pikel, uniq_menkaure
